[Event "*** Biggest EVER Titled Tuesday"]
[Site "Chess.com"]
[Date "2018.04.17"]
[Round "8"]
[White "Th3ChessViking"]
[Black "hblanco"]
[Result "1-0"]
[WhiteElo "2389"]
[BlackElo "2305"]
[TimeControl "180+2"]
[EndTime "14:52:09 PDT"]
[Termination "Th3ChessViking won by resignation"]

1. c4 g6 2. g3 Bg7 3. Bg2 c5 4. Nc3 Nc6 5. d3 d6 6. h4 h5 7. Nh3 Bg4 8. Nf4 Nh6 9. Qd2 O-O 10. b3 e5 11. Nfd5 Nd4 12. Bb2 Be6 13. e3 Bxd5 14.
Bxd5 Ne6 15. Bxb7 Rb8 16. Bd5 Qf6 17. Ne4 Qe7 18. Nc3 Kh7 19. O-O Ng4 20. Bg2 Bh6 21. Nd5 Qd8 22. f3 Nf6 23. Nxf6+ Qxf6 24. f4 Qg7 25. Kh2 Rbd8 26. f5 gxf5 27. Rxf5 Qg4 28.
Be4 Kh8 29. Raf1 Rd7 30. Bg2 Nd4 31. Rf6 Qg7 32. Bc1 Ne6 33. Qe2 Qg4 34. Rxh6+ 1-0

[Event "*** Biggest EVER Titled Tuesday"]
[Site "Chess.com"]
[Date "2018.04.17"]
[Round "8"]
[White "mukhin1"]
[Black "grzechu96"]
[Result "1-0"]
[WhiteElo "2903"]
[BlackElo "2466"]
[TimeControl "180+2"]
[EndTime "14:52:13 PDT"]
[Termination "mukhin1 won on time"]

1. d4 d5 2. c4 c6 3. cxd5 cxd5 4. Bg5 f6 5. Bd2 Nc6 6. Nc3 Nxd4 7. e3 Nc6 8. Qh5+ g6 9. Qxd5 Qxd5 10. Nxd5 Kf7 11.
Nh3 e6 12. Nc3 Bd7 13. Rc1 Rc8 14. Ne4 h6 15. Nf4 f5 16. Bc3 Nb4 17. Rd1 Ba4 18. Nd6+ Bxd6 19. Rxd6 Nc2+ 20. Kd2 Nf6 21. Bd3 Rhd8 22.
Rxd8 Rxd8 23. Kc1 g5 24. Bxc2 Bxc2 25. Kxc2 gxf4 26. exf4 Nd5 27. Be5 Rc8+ 28. Kd2 Rc4 29. g3 h5 30. b3 Rc6 31. Rc1 Rxc1 32. Kxc1 Ke7 33. Kd2 Kd7 34. a3 Kc6 35. Kd3 Ne7 36. f3 Kd5 37. h3 Ng6 38. Bf6 a6 39. Ke3 Nf8 40. g4 Nd7 41. Bc3 fxg4 42. fxg4 hxg4 43. hxg4 Kd6 44. Bb4+ Kd5 45. g5 e5 46. f5 e4 47. g6 Nf6 48. Bc3 1-0

[Event "*** Biggest EVER Titled Tuesday"]
[Site "Chess.com"]
[Date "2018.04.17"]
[Round "8"]
[White "HarutyunianTigranK"]
[Black "ENEASZ"]
[Result "1-0"]
[WhiteElo "2683"]
[BlackElo "2471"]
[TimeControl "180+2"]
[EndTime "14:52:13 PDT"]
[Termination "HarutyunianTigranK won by resignation"]

1. c4 e6 2. Nc3 d5 3. d4 Nf6 4. cxd5 exd5 5. Bg5 Nbd7 6. e3 Be7 7. Bd3 c6 8. Nf3 Nh5 9. Bxe7 Qxe7 10. O-O O-O 11. Rb1 g6 12. b4 b5 13. Re1 Nhf6 14. e4 dxe4 15. Nxe4 Nxe4 16. Bxe4 Qd6 17. d5 c5 18. bxc5 Nxc5 19. Rxb5 Re8 20. Qd4 Nxe4 21. Rxe4 Bd7 22. Rb7 Rxe4 23. Qxe4 Re8 24. Qd4 Bc6 25.
Rxa7 Qxd5 26. h3 Qb5 27. Qf4 Qb1+ 28. Kh2 Bd5 29. a4 Qb3 30. a5 Bxf3 31. gxf3 Qa2 32. Kg2 Re2 33. Qd4 Re8 34. a6 h5 35. Qf6 Rc8 36. Rb7 Qd5 37. Re7 Rc6 38. Re8+ 1-0

[Event "*** Biggest EVER Titled Tuesday"]
[Site "Chess.com"]
[Date "2018.04.17"]
[Round "8"]
[White "patzerplay"]
[Black "Slovak_fighter2000"]
[Result "1-0"]
[WhiteElo "2309"]
[BlackElo "2262"]
[TimeControl "180+2"]
[EndTime "14:52:14 PDT"]
[Termination "patzerplay won by checkmate"]

1. e4 e6 2. d4 d5 3. Nc3 Nf6 4. e5 Nfd7 5. Nce2 c5 6. c3 Nc6 7. f4 Be7 8. Nf3 O-O 9. h4 f6 10. a3 cxd4 11. cxd4 fxe5 12. fxe5 Rxf3 13. gxf3 Bxh4+ 14.
Kd2 Nb6 15. b3 Bd7 16. Bb2 Rc8 17. Rc1 Bg5+ 18. f4 Bh6 19. Bh3 Qf8 20. Rf1 Qe7 21. Rc3 a5 22. a4 Rf8 23. Qe1 Qb4 24. Qf2 Nxa4 25. bxa4 Qxb2+ 26. Kd3 Nb4+ 27. Ke3 Rxf4 28. Qxf4 Bxf4+ 29. Rxf4 g5 30. Rf6 Nc2+ 31. Kd3 Ne1+ 32.
Ke3 Nc2+ 33. Kd3 Nb4+ 34. Ke3 Qb1 35. Kf2 Qe4 36. Rcf3 g4 37. Rf8+ Kg7 38. R3f7+ Kh6 39. Rf6+ Kg5 40. Rg8+ Kh5 41. Ng3+ Kh4 42. Rh6# 1-0

[Event "*** Biggest EVER Titled Tuesday"]
[Site "Chess.com"]
[Date "2018.04.17"]
[Round "8"]
[White "nochewycandy"]
[Black "IMAghasiyevKamal"]
[Result "1-0"]
[WhiteElo "2099"]
[BlackElo "2486"]
[TimeControl "180+2"]
[EndTime "14:52:15 PDT"]
[Termination "nochewycandy won by resignation"]

1. e4 c5 2. Nf3 d6 3. Bb5+ Nc6 4. O-O Bg4 5. c3 a6 6. Bxc6+ bxc6 7. d4 cxd4 8. cxd4 Nf6 9. Nc3 g6 10. h3 Bd7 11. e5 Nd5 12. Nxd5 cxd5 13. exd6 exd6 14. Re1+ Be7 15. Bg5 Be6 16. Bh6 Qd7 17. Rc1 Rc8 18.
Qe2 Bf8 19. Bxf8 Kxf8 20. Qxa6 Rxc1 21. Rxc1 Kg7 22. Qa5 Rc8 23. Rxc8 Qxc8 24. Qc3 Qa6 25. a3 Qe2 26. b4 h6 27. Qe3 Qd1+ 28. Kh2 Qa4 29. Qc3 Qb5 30. Nd2 g5 31. Qb3 Qe2 32.
Qe3 Qb5 33. h4 gxh4 34. Qf4 Qe2 35. Nf3 Qxf2 36. Qxh4 Qxh4+ 37. Nxh4 Kf6 38. Kg3 Bd7 39. Kf4 Ba4 40. Nf3 Kg6 41. Nd2 h5 42. Nb1 Bb3 43.
Nc3 Bc4 44. a4 Kf6 45. a5 Ke7 46. b5 Kd7 47. Kg5 Bf1 48. g3 Ke6 49. a6 1-0

[Event "*** Biggest EVER Titled Tuesday"]
[Site "Chess.com"]
[Date "2018.04.17"]
[Round "8"]
[White "ShimanovAlex"]
[Black "Alexander_Moskalenko"]
[Result "1/2-1/2"]
[WhiteElo "2733"]
[BlackElo "2730"]
[TimeControl "180+2"]
[EndTime "14:52:17 PDT"]
[Termination "Game drawn by repetition"]

1. c4 e6 2. g3 d5 3. Bg2 Nf6 4. Nf3 Be7 5. O-O O-O 6. b3 b6 7. Bb2 Bb7 8. cxd5 Nxd5 9. d4 Nf6 10. Re1 Nbd7 11. Nc3 c5 12. e4 cxd4 13. Nxd4 Ne5 14. Re2 Bc5 15. Rd2 Qe7 16. Qe2 Rfd8 17. Rad1 h6 18. h3 Rac8 19. Kh2 Bb4 20. f4 Bxc3 21. Bxc3 Rxc3 22. Nf5 exf5 23. Rxd8+ Kh7 24. fxe5 Qxe5 25. Qf2 Bxe4 26. Re1 Qc7 27. Rf8 Bxg2 28. Kxg2 g6 29. Re3 Rc1 30. Kh2 h5 31. Re2 h4 32. Qf4 hxg3+ 33.
Qxg3 Rh1+ 34. Kxh1 Qxg3 35. Rxf7+ Kh6 36. Rxf6 Kh5 37.
Rg2 Qf3 38. Rxg6 Qxh3+ 39. Kg1 Qe3+ 40. Kh1 Qh3+ 41. Kg1 Qe3+ 42. Kh1 Qh3+ 43. Kg1 Qe3+ 44. Kh1 Qh3+ 1/2-1/2

[Event "*** Biggest EVER Titled Tuesday"]
[Site "Chess.com"]
[Date "2018.04.17"]
[Round "8"]
[White "Blitzking4444"]
[Black "ChessQueen"]
[Result "1-0"]
[WhiteElo "1996"]
[BlackElo "2579"]
[TimeControl "180+2"]
[EndTime "14:52:22 PDT"]
[Termination "Blitzking4444 won by resignation"]

1. e4 c5 2. Nf3 Nc6 3. Bb5 g6 4.
Bxc6 bxc6 5. O-O Bg7 6. Re1 Nh6 7. c3 O-O 8. d4 d5 9. e5 cxd4 10. cxd4 f6 11. Bxh6 Bxh6 12. e6 Qb6 13. b3 c5 14.
Nc3 cxd4 15. Qxd4 Qxd4 16. Nxd4 Bd2 17. Nxd5 Bxe1 18. Nxe7+ Kg7 19. Rxe1 Re8 20. Nd5 Rb8 21.
Nc7 Re7 22. Nd5 Reb7 23. Nc6 Ra8 24. e7 Bd7 25. Nd8 Rab8 26. Nxb7 Rxb7 27. e8=Q Bxe8 28. Rxe8 Kf7 29. Rc8 Rb5 30. Rc7+ Ke6 31. Ne3 a5 32. Kf1 h5 33. Rc4 g5 34. Ke2 f5 35. Ra4 f4 36.
Nc4 g4 37. Rxa5 Rxa5 38. Nxa5 h4 39. h3 f3+ 40. Kf1 fxg2+ 41. Kxg2 1-0

[Event "*** Biggest EVER Titled Tuesday"]
[Site "Chess.com"]
[Date "2018.04.17"]
[Round "8"]
[White "wonderfultime"]
[Black "robbykevlishvili"]
[Result "1-0"]
[WhiteElo "2799"]
[BlackElo "2553"]
[TimeControl "180+2"]
[EndTime "14:52:28 PDT"]
[Termination "wonderfultime won by checkmate"]

1. d4 d5 2. Nf3 Nf6 3. Bf4 c5 4.
c3 Nc6 5. e3 Qb6 6. Qc2 g6 7. Be2 Bf5 8. dxc5 Qxc5 9. Qb3 Na5 10. Qa4+ Bd7 11. Qd1 Nc4 12. Qc2 Bg7 13. O-O O-O 14.
Nbd2 Nh5 15. Bg5 e5 16. Nxc4 dxc4 17. Nd2 h6 18. Bh4 g5 19. Bxh5 gxh4 20. h3 Bc6 21.
Bf3 Rad8 22. Rad1 Rd3 23. Ne4 Qb5 24. Nd6 Qa6 25. Bxc6 Qxc6 26. Nf5 Qd7 27. e4 Rd8 28. Rxd3 Qxd3 29. Qa4 Qxe4 30. Ne3 a6 31. Qa5 Rd6 32. Qc5 Rc6 33. Qe7 Rg6 34. Qe8+ Bf8 35. Rd1 Qc6 36. Qxe5 Bd6 37. Qh5 Bc5 38. Ng4 Kh7 39.
Qf5 Kg7 40. Qe5+ Kh7 41. Rd8 Bxf2+ 42. Kf1 Rxg4 43. Rh8+ Kg6 44. Rg8+ Kh7 45. Qh8# 1-0

[Event "*** Biggest EVER Titled Tuesday"]
[Site "Chess.com"]
[Date "2018.04.17"]
[Round "8"]
[White "Kozok"]
[Black "Triumphmate"]
[Result "1-0"]
[WhiteElo "2214"]
[BlackElo "2166"]
[TimeControl "180+2"]
[EndTime "14:52:29 PDT"]
[Termination "Kozok won by checkmate"]

1. e4 d5 2. exd5 Nf6 3. d4 Bg4 4. Bb5+ c6 5. dxc6 Nxc6 6. f3 Bf5 7. c4 e6 8. Nc3 Bb4 9. Ne2 O-O 10. Be3 Ne7 11. O-O a6 12. Ba4 Rc8 13. Bb3 Qd7 14. a3 Bxc3 15. Nxc3 Rfd8 16. Qe2 Nc6 17. d5 Na5 18.
Ba2 exd5 19. cxd5 Re8 20. Qf2 b5 21. Rfd1 Nc4 22. Bd4 Qd6 23. Bxc4 Rxc4 24. Bxf6 Qxf6 25. d6 Rd8 26. Qb6 h5 27. Nd5 Qg5 28. Ne7+ Kh7 29.
Qxd8 Rc2 30. Qg8+ Kh6 31. Nxf5+ Qxf5 32. Qh8+ Kg6 33. Qe8 Qc5+ 34. Kh1 Qf2 35. Qe4+ f5 36. Qe6+ Kg5 37. Rg1 Rd2 38. d7 Qd4 39. Rae1 g6 40. Qe7+ Kf4 41. Qh4# 1-0

[Event "*** Biggest EVER Titled Tuesday"]
[Site "Chess.com"]
[Date "2018.04.17"]
[Round "8"]
[White "DiogenesSinopeus"]
[Black "RojonR"]
[Result "1-0"]
[WhiteElo "2427"]
[BlackElo "2401"]
[TimeControl "180+2"]
[EndTime "14:52:32 PDT"]
[Termination "DiogenesSinopeus won by resignation"]

1. d4 Nf6 2. c4 e6 3. Nc3 Bb4 4. e3 b6 5. Ne2 Bb7 6. a3 Be7 7. d5 O-O 8. g3 b5 9. b3 bxc4 10.
bxc4 Na6 11. Bg2 Nc5 12. O-O e5 13. Qc2 Rb8 14. Rd1 Ba6 15. Na4 Nb3 16. Rb1 Nxc1 17.
Rdxc1 Bxa3 18. Rd1 Be7 19. c5 d6 20. c6 Rxb1 21.
Rxb1 Qa8 22. Nec3 Rb8 23. Ra1 Bc4 24. Nb2 Bb3 25. Qd2 a5 26. Nba4 g6 27. h4 Rb4 28.
Ra3 h5 29. Bf1 Qb8 30. Nb2 Qb6 31. Nd3 Bc4 32. Nxb4 axb4 33. Ra8+ Kg7 34. Bxc4 bxc3 35. Qxc3 Ne4 36. Qb3 Qc5 37. Qb5 Qxb5 38. Bxb5 Nc3 39. Bc4 Nd1 40. Rc8 Nb2 41. Be2 Kf6 42. Rxc7 e4 43. Ra7 Bd8 1-0

[Event "*** Biggest EVER Titled Tuesday"]
[Site "Chess.com"]
[Date "2018.04.17"]
[Round "8"]
[White "Martins-BR"]
[Black "bugsbunny444"]
[Result "1/2-1/2"]
[WhiteElo "2225"]
[BlackElo "2414"]
[TimeControl "180+2"]
[EndTime "14:52:33 PDT"]
[Termination "Game drawn by agreement"]

1. e4 e6 2. d4 d5 3. Nc3 Nf6 4.
e5 Nfd7 5. Nce2 c5 6. c3 cxd4 7. cxd4 f6 8. f4 fxe5 9. fxe5 Bb4+ 10. Bd2 Qh4+ 11. Ng3 Qxd4 12. Nf3 Qxb2 13. Be2 Bxd2+ 14. Nxd2 O-O 15. Nf3 Qc3+ 16. Kf1 Nxe5 17. Rc1 Qe3 18. Qc2 Nbc6 19. Re1 Nd4 20. Qc1 Qxc1 21. Rxc1 Nexf3 22. gxf3 e5 23. Kg2 Bd7 24. Rhe1 Rac8 25. Rxc8 Rxc8 26. Bd3 Rc3 27. Re3 Bb5 28. Bxh7+ Kxh7 29. Rxc3 Bc6 30.
Re3 e4 31. fxe4 dxe4 32. Kf2 Nc2 33. Re2 Nb4 34. Ke3 Nd5+ 35. Kd4 Nf6 36. h3 Kg6 37. Rf2 Kg5 38. Nf5 g6 39. h4+ Kh5 40. Ng3+ Kxh4 41. Rxf6 Kxg3 42. Rxg6+ Kf3 43. Rf6+ Ke2 44. Re6 Kd2 45. Re7 a5 46. a4 Kc2 47. Re5 Bxa4 48. Rxa5 Bc6 1/2-1/2

[Event "*** Biggest EVER Titled Tuesday"]
[Site "Chess.com"]
[Date "2018.04.17"]
[Round "8"]
[White "Sebastian"]
[Black "VeraNebolsina"]
[Result "1-0"]
[WhiteElo "2767"]
[BlackElo "2486"]
[TimeControl "180+2"]
[EndTime "14:52:40 PDT"]
[Termination "Sebastian won on time"]

1. e4 e5 2. Nf3 Nf6 3. Nxe5 d6 4.
Nf3 Nxe4 5. d4 d5 6. Bd3 Be7 7. O-O O-O 8. c4 Nc6 9. Re1 Bf5 10. cxd5 Qxd5 11. Nc3 Nxc3 12. bxc3 Bxd3 13. Qxd3 Bf6 14. Bf4 Qd7 15. h3 Rad8 16. Nd2 Na5 17. Ne4 Be7 18. Qg3 f5 19. Bxc7 fxe4 20. Bxd8 Bxd8 21. Rxe4 Bc7 22. Qd3 Qd6 23. g3 Nc6 24. Rae1 Qf6 25. R1e2 h6 26.
Re8 Rxe8 27. Rxe8+ Kf7 28. Re4 Kf8 29. h4 Qf7 30. a4 Ne7 31. c4 Nf5 32. Kg2 Kg8 33.
d5 Bd6 34. Qf3 Qg6 35. h5 Qf6 36. Re6 Qf8 37. Qe4 Qf7 38. Re8+ Kh7 39. Qe6 1-0

[Event "*** Biggest EVER Titled Tuesday"]
[Site "Chess.com"]
[Date "2018.04.17"]
[Round "8"]
[White "vuqaresedli"]
[Black "kirillshevchenko"]
[Result "0-1"]
[WhiteElo "2340"]
[BlackElo "2355"]
[TimeControl "180+2"]
[EndTime "14:52:43 PDT"]
[Termination "kirillshevchenko won by resignation"]

1. Nf3 Nf6 2. g3 g6 3. b3 Bg7 4.
Bb2 d6 5. d4 O-O 6. Bg2 c5 7.
c4 Ne4 8. O-O Nc6 9. Nbd2 Bf5 10. e3 cxd4 11. Nxd4 Nxd4 12. exd4 Nxd2 13. Qxd2 Qc7 14.
Rfe1 e5 15. Rad1 Bg4 16. f3 Bf5 17. f4 exf4 18. Qxf4 Rfe8 19. g4 Be6 20. h3 Rad8 21. Kh1 Qa5 22. Qd2 Qxa2 23. Qc2 Qa6 24. d5 Bc8 25.
Bxg7 Kxg7 26. Qb2+ Kg8 27. Qf6 Qb6 28. Rf1 Qc7 29.
b4 b6 30. c5 bxc5 31. bxc5 dxc5 32. d6 Qd7 33. Kh2 Bb7 34. Bxb7 Qxb7 35. Rd2 Qd7 36.
Kg3 Re6 37. Qf4 Rxd6 38. Rdf2 Rd3+ 39. Kh2 Qd6 40. Qxd6 R3xd6 41. Rxf7 R6d7 42. R7f6 Rc7 43. Ra6 c4 44. Rfa1 Rdc8 45. Rxa7 Rxa7 46. Rxa7 c3 47.
Ra1 Kf7 48. Rc1 c2 49. Kg3 Kf6 50. Kf4 Rc4+ 51. Ke3 Kg5 52. Kd3 Rc8 53. Kd2 Kh4 54. Ke3 Kxh3 55. Kf4 Kg2 56. Kg5 Kf3 57. Kh4 Rc4 58. Kg5 Rxg4+ 59. Kf6 Rc4 60. Kg7 Ke2 0-1

[Event "*** Biggest EVER Titled Tuesday"]
[Site "Chess.com"]
[Date "2018.04.17"]
[Round "8"]
[White "chesssharkattack"]
[Black "AlexZambrano"]
[Result "0-1"]
[WhiteElo "2359"]
[BlackElo "2365"]
[TimeControl "180+2"]
[EndTime "14:52:45 PDT"]
[Termination "AlexZambrano won by resignation"]

1. e4 e6 2. Nf3 d5 3. e5 c5 4. b4 cxb4 5. d4 Nc6 6. a3 Bd7 7. axb4 Bxb4+ 8. c3 Bf8 9. Bd3 Nge7 10. Ng5 Ng6 11.
Qh5 Be7 12. Nxh7 Nf8 13. Nf6+ gxf6 14. Qxh8 fxe5 15. dxe5 Qc7 16. Bf4 O-O-O 17. Qg7 Be8 18. Nd2 Kb8 19. O-O Na5 20. Rfb1 Qxc3 21. Qg3 b6 22. Ba6 Qxg3 23. Bxg3 Ka8 24. h4 Ng6 25. h5 Nh4 26. h6 Bc6 27. Rc1 Bb7 28. Bxb7+ Kxb7 29. Bxh4 Bxh4 30. Nf3 Be7 31. Rcb1 Nc4 32. Kh2 Rh8 33.
Kg3 Rxh6 34. Rh1 Rg6+ 35. Kh2 Bd8 36. Rhg1 Bc7 37. Rae1 f6 38. g4 fxe5 39. Kg2 e4 40.
Nh2 Ne5 41. Kh3 Rh6+ 42. Kg2 Rg6 43. Kh3 Rh6+ 44. Kg2 Nd3 45. Rh1 Nxe1+ 46. Kf1 0-1

[Event "*** Biggest EVER Titled Tuesday"]
[Site "Chess.com"]
[Date "2018.04.17"]
[Round "8"]
[White "EndgameGrinder"]
[Black "IMRosen"]
[Result "0-1"]
[WhiteElo "2471"]
[BlackElo "2408"]
[TimeControl "180+2"]
[EndTime "14:52:48 PDT"]
[Termination "IMRosen won by checkmate"]

1. e4 c5 2. Nf3 e6 3. d4 cxd4 4. Nxd4 Nc6 5. Nc3 Qc7 6. f4 a6 7. Nxc6 bxc6 8. Bd3 d5 9. O-O Nf6 10. Qe2 Be7 11. Bd2 O-O 12. Rae1 Re8 13. Kh1 d4 14. Na4 c5 15. c4 Bb7 16. e5 Nd7 17. b3 g6 18. Be4 Bf8 19. Ba5 Qc8 20. Bxb7 Qxb7 21. Qe4 Qxe4 22. Rxe4 Rac8 23. g4 Nb8 24. Kg2 Nc6 25. Bd2 Rb8 26. Kf3 Rb7 27. Ke2 Reb8 28.
Kd3 a5 29. h4 Nb4+ 30. Bxb4 axb4 31. h5 Ra7 32. Re2 Rba8 33. Rb1 Be7 34. Rh2 g5 35. f5 exf5 36. gxf5 h6 37. f6 Bf8 38. Rbb2 Ra6 39. Ke4 Rd8 40. Rbd2 Re8 41. Rhe2 Rxf6 42. Kd5 Rd8+ 43. Ke4 Rf4+ 44. Kd3 Rf3+ 45. Ke4 Rh3 46. Rh2 Re3+ 47. Kf5 Re8 48. Rhf2 R8xe5+ 49. Kg4 R5e4+ 50. Kf5 Bd6 51. Nb6 Rh4 52. Nd7 Kg7 53. Rde2 Rxe2 54. Rxe2 Rf4# 0-1

[Event "*** Biggest EVER Titled Tuesday"]
[Site "Chess.com"]
[Date "2018.04.17"]
[Round "8"]
[White "ChessicallyInclined"]
[Black "DrStephenStrange"]
[Result "1/2-1/2"]
[WhiteElo "2152"]
[BlackElo "2012"]
[TimeControl "180+2"]
[EndTime "14:52:48 PDT"]
[Termination "Game drawn by repetition"]

1. d4 Nf6 2. c4 e6 3. Nc3 d5 4. cxd5 exd5 5. Bg5 Be7 6. Qc2 c6 7.
e3 Nbd7 8. Bd3 O-O 9. Nge2 Re8 10. O-O Nf8 11. f3 h6 12. Bh4 c5 13. Bf2 Ne6 14.
dxc5 Bxc5 15. Nd4 Bd7 16. Rad1 Qb6 17. Nce2 Rac8 18. Qb1 a5 19. Bc2 Rc7 20. Nc3 Nxd4 21. exd4 Bd6 22. Rfe1 Rcc8 23. Bb3 Qc7 24. Nxd5 Nxd5 25.
Bxd5 Bxh2+ 26. Kh1 Bg3 27. Bxg3 Qxg3 28. Be4 b5 29.
Qd3 Rc4 30. Qd2 a4 31. b3 axb3 32. axb3 Rcc8 33. Bd3 Bh3 34. Rxe8+ Rxe8 35. gxh3 Qxh3+ 36. Kg1 Qxf3 37. Bf1 Re6 38. Bg2 Rg6 39. d5 Rxg2+ 40.
Qxg2 Qxd1+ 41. Kh2 Qh5+ 42. Kg1 Qd1+ 43. Kh2 Qh5+ 44. Kg1 Qd1+ 1/2-1/2

[Event "*** Biggest EVER Titled Tuesday"]
[Site "Chess.com"]
[Date "2018.04.17"]
[Round "8"]
[White "Kislov_Oleg"]
[Black "Bauxi435"]
[Result "0-1"]
[WhiteElo "2254"]
[BlackElo "2429"]
[TimeControl "180+2"]
[EndTime "14:52:48 PDT"]
[Termination "Bauxi435 won by resignation"]

1. e4 c5 2. Nf3 e6 3. c3 Nf6 4. e5 Nd5 5. d4 cxd4 6. cxd4 Nc6 7. Nc3 Nxc3 8. bxc3 d6 9. exd6 Bxd6 10. Bd3 h6 11. O-O Qc7 12. Qe2 b6 13. d5 Ne7 14. Bb5+ Kf8 15. dxe6 Bxe6 16. Nd4 Bd5 17. h3 g6 18. Bb2 Bb7 19. c4 Rg8 20. Rfe1 Bc5 21. Rad1 Rd8 22. Ne6+ fxe6 23. Qxe6 Rd6 24. Qg4 Bc8 25. Qf4+ Nf5 26. Be5 Rxd1 27. Rxd1 Qe7 28. g4 Kf7 29.
gxf5 Bxf5 30. Bc6 Rd8 31. Bd5+ Kf8 32. Qxh6+ Ke8 33. Qh8+ Kd7 34. Bc6+ Kxc6 35. Qxd8 Qxe5 36. Qa8+ Kc7 37. Qd8+ Kb7 38. Qd5+ Qxd5 39. Rxd5 Bxh3 40. Kh2 Bf5 41. Kg3 Kc6 42. f3 Bb1 43. a4 Ba2 44. Rg5 Bb1 45. Re5 Kb7 46. Kg4 Kc6 47. Re6+ Kb7 48.
Kg5 Ka6 49. Re8 Ka5 50. Re1 Bd3 51. Rd1 Bf5 52. Ra1 Kb4 53. Kf6 Bd4+ 0-1

[Event "*** Biggest EVER Titled Tuesday"]
[Site "Chess.com"]
[Date "2018.04.17"]
[Round "8"]
[White "ArnaudovP"]
[Black "Konavets"]
[Result "0-1"]
[WhiteElo "2477"]
[BlackElo "2774"]
[TimeControl "180+2"]
[EndTime "14:52:49 PDT"]
[Termination "Konavets won by resignation"]

1. Nf3 Nf6 2. c4 e6 3. g3 d5 4. Bg2 dxc4 5. O-O c6 6. Qc2 Be7 7. Qxc4 b5 8. Qc2 Bb7 9. b3 O-O 10. Bb2 Nbd7 11. Nc3 a6 12. Rac1 Rc8 13. Rfd1 c5 14. Qb1 Qb6 15. d3 Rfd8 16. e4 Nb8 17.
Ne5 Nc6 18. Nxc6 Bxc6 19. Ne2 Qb7 20. f3 b4 21. Bf1 Bb5 22. Kg2 h5 23. Nf4 h4 24.
Be2 Rd7 25. Be5 Rcd8 26. Qb2 Ne8 27. Qc2 a5 28. gxh4 Bxh4 29. Qxc5 Bg5 30. Bc7 Bh6 31.
Bxd8 Bxf4 32. Bg5 Bxc1 33. Bxc1 Nf6 34. Bb2 Nh7 35. Qe5 Nf6 36. Qg5 Ne8 37. Qe5 Qa6 38. Kh3 Bxd3 39. Rg1 f6 40. Qh5 Rf7 41. Bxd3 Qxd3 42. Qg4 g5 43. Rg2 Nd6 44. Qxe6 Qxf3+ 45. Rg3 Qf1+ 46. Rg2 Nb5 47. Qe8+ Kg7 48. Qxb5 Qxb5 49. e5 Qd3+ 50. Rg3 Qf1+ 51. Kg4 Kg6 52. e6 0-1

[Event "*** Biggest EVER Titled Tuesday"]
[Site "Chess.com"]
[Date "2018.04.17"]
[Round "8"]
[White "Safar_From_Afar"]
[Black "itisabigworld"]
[Result "1-0"]
[WhiteElo "2287"]
[BlackElo "2247"]
[TimeControl "180+2"]
[EndTime "14:52:49 PDT"]
[Termination "Safar_From_Afar won by resignation"]

1. e4 d6 2. d4 Nf6 3. Nc3 g6 4. f3 c6 5. Be3 b5 6. Qd2 Qa5 7. Bd3 Nbd7 8. Nge2 Bb7 9. O-O Bg7 10. b4 Qc7 11. a4 bxa4 12. Rxa4 O-O 13. Rfa1 Bc8 14. Ra5 e5 15. dxe5 Nxe5 16. Rxa7 Rxa7 17. Rxa7 Qb8 18.
b5 Bh6 19. Ra1 Bxe3+ 20. Qxe3 Nxd3 21. cxd3 cxb5 22. Qd4 Nd7 23. Nd5 Re8 24. Ra5 Qb7 25. Ra7 Qc6 26. Rc7 Qa6 27. Rxd7 Bxd7 28. Nf6+ Kf8 29.
Nxh7+ Kg8 30. Nf6+ Kf8 31. Nxd7+ Ke7 32. Nb6 Qa5 33.
Nd5+ Kd7 34. Kf1 Rd8 35. Qf6 b4 36. Qxf7+ Kc8 37. Nd4 Qa1+ 38. Ke2 Qb2+ 39. Kd1 Qb1+ 40. Kd2 Qa2+ 41. Nc2 Qa5 42. Ncxb4 Rd7 43. Qe6 Qb5 44.
Qxg6 Kb7 45. Qe8 Qa4 46. h4 Ka7 47. h5 Qb5 48. h6 Qb7 49. g4 Rf7 50. Qa4+ Kb8 51.
Na6+ Ka7 52. Nc5+ 1-0

[Event "*** Biggest EVER Titled Tuesday"]
[Site "Chess.com"]
[Date "2018.04.17"]
[Round "8"]
[White "underdogchss"]
[Black "TheCount"]
[Result "0-1"]
[WhiteElo "2375"]
[BlackElo "2535"]
[TimeControl "180+2"]
[EndTime "14:52:52 PDT"]
[Termination "TheCount won by resignation"]

1. d4 Nf6 2. Nf3 g6 3. c4 Bg7 4. g3 O-O 5. Bg2 d5 6. cxd5 Nxd5 7. O-O Nb6 8. Nc3 Nc6 9. e3 Re8 10. h3 Bd7 11. b3 e5 12. d5 Ne7 13. e4 c6 14. d6 Nec8 15. Ba3 Re6 16. h4 Bf8 17. Ng5 Rf6 18. h5 Bxd6 19. Bb2 h6 20. Nh3 Bc5 21.
Kh2 Rd6 22. Qe2 Bd4 23. hxg6 fxg6 24. Rad1 h5 25. f3 Qe7 26. Rd3 c5 27. Rdd1 a5 28. a4 Be6 29. Nb5 Rd8 30. Qc2 Nd6 31. Nxd4 cxd4 32.
Qc5 Bxb3 33. Qxb6 Bxd1 34. Rxd1 Nc4 35. Qb3 Qb4 36. Qxb4 axb4 37. Bc1 b3 38. Bg5 Rdc8 39. Bf1 Rxa4 40. Rb1 b2 41. Bxc4+ Raxc4 42. Rxb2 Rc2+ 43. Rxc2 Rxc2+ 44. Kg1 b5 45. Be7 d3 46. Nf2 Rc1+ 47.
Kg2 d2 48. Bb4 d1=Q 49. Nxd1 Rxd1 0-1

[Event "*** Biggest EVER Titled Tuesday"]
[Site "Chess.com"]
[Date "2018.04.17"]
[Round "8"]
[White "SenseiJulio"]
[Black "nihalsarin"]
[Result "0-1"]
[WhiteElo "2626"]
[BlackElo "2747"]
[TimeControl "180+2"]
[EndTime "14:52:55 PDT"]
[Termination "nihalsarin won by resignation"]

1. Nf3 Nf6 2. c4 b6 3. e3 Bb7 4. d4 e6 5. Bd3 Bb4+ 6. Nc3 Ne4 7. O-O f5 8. Qc2 Bxc3 9. bxc3 O-O 10. Nd2 Nxd2 11.
Bxd2 Nc6 12. e4 fxe4 13. Bxe4 Qh4 14. f4 Na5 15. Bxb7 Nxb7 16. Rf3 Qh5 17. Re1 Nd6 18. Re5 Qg6 19. Qb3 Rf5 20. Rg3 Qf7 21. c5 Rxe5 22. cxd6 Re2 23. Qd1 Rxd2 24. Qxd2 cxd6 25. d5 exd5 26.
Rd3 Rc8 27. Rxd5 Rxc3 28. Qxc3 Qxd5 29. Qc8+ Kf7 30. Qxd7+ Kf6 31. Qd8+ Kf5 32. Qf8+ Ke4 33. h3 Qd4+ 34. Kh2 d5 35. Qe7+ Kd3 36. Qxa7 Qxf4+ 37.
Kh1 Qf1+ 38. Kh2 Qf4+ 39. Kh1 Qd4 40. Qa3+ Kd2 41. Qe7 h6 42. a3 Kc2 43. Qe2+ Kb3 44. Qf3+ Kb2 45. Kh2 b5 46. Kh1 Ka2 47. Qg3 g5 48. Qf3 Qa1+ 49. Kh2 Qe5+ 50. Kh1 d4 51. Qd3 h5 52. Kg1 g4 53. Kh1 Qe1+ 54. Kh2 g3+ 55.
Qxg3 Qxg3+ 56. Kxg3 Kxa3 57. Kf2 b4 58. g4 hxg4 59. hxg4 b3 60. g5 b2 0-1

[Event "*** Biggest EVER Titled Tuesday"]
[Site "Chess.com"]
[Date "2018.04.17"]
[Round "8"]
[White "peteseeger"]
[Black "wadsy27"]
[Result "1/2-1/2"]
[WhiteElo "2092"]
[BlackElo "2155"]
[TimeControl "180+2"]
[EndTime "14:52:59 PDT"]
[Termination "Game drawn - insufficient material"]

1. e4 e6 2. b3 d5 3. Bb2 a6 4. Nc3 d4 5. Nce2 c5 6. c3 dxc3 7. dxc3 Qxd1+ 8. Rxd1 Nc6 9. Nf3 Nf6 10. Ng3 b6 11. e5 Nd7 12. c4 Bb7 13. Bd3 Nb4 14. Bb1 Be7 15. Ke2 O-O-O 16. a3 Nc6 17. Ne4 h6 18. Nd6+ Bxd6 19. Rxd6 g5 20. h3 h5 21.
Nxg5 Ndxe5 22. Rhd1 Rxd6 23. Rxd6 Rg8 24. f4 Kc7 25.
Rd1 Nd4+ 26. Bxd4 cxd4 27. Rxd4 Bxg2 28. h4 Nc6 29. Rd2 Nd8 30. f5 exf5 31. Bxf5 f6 32.
Ne4 Bxe4 33. Bxe4 Rg4 34. Bf5 Rg2+ 35. Ke3 Rxd2 36. Kxd2 Nc6 37. Bg6 Nd4 38. Ke3 Nxb3 39. Bxh5 Kd6 40. Bf3 Ke7 41. Ke4 Kf7 42. Kd5 Kg6 43.
Kc6 Nd2 44. Be2 Nb1 45. Kxb6 Nxa3 46. Kxa6 Nxc4 47. Bxc4 Kh5 48. Kb6 Kxh4 49. Be6 Kg5 50. Kc5 f5 51. Bxf5 1/2-1/2

[Event "*** Biggest EVER Titled Tuesday"]
[Site "Chess.com"]
[Date "2018.04.17"]
[Round "8"]
[White "ChessMavenYeti"]
[Black "Cocaino74"]
[Result "0-1"]
[WhiteElo "2102"]
[BlackElo "2161"]
[TimeControl "180+2"]
[EndTime "14:53:08 PDT"]
[Termination "Cocaino74 won by resignation"]

1. d4 d5 2. c4 e6 3. Nf3 c6 4. g3 dxc4 5. Bg2 b5 6. O-O Bb7 7. a4 a6 8. Ne5 Nf6 9. b3 cxb3 10. Qxb3 Qxd4 11. Bb2 Qb4 12. Qc2 Qc5 13. Qb3 Qb4 14.
Qc2 Qc5 15. Qb3 Be7 16. Rc1 Qb4 17. Qc2 Nd5 18. e4 Nb6 19. axb5 axb5 20. Rxa8 Bxa8 21. Ba3 Qa4 22. Bxe7 Qxc2 23. Rxc2 Kxe7 24. Nd3 N8d7 25. e5 c5 26. Nxc5 Rc8 27. Nxd7 Rxc2 28. Nxb6 Bxg2 29.
Kxg2 Rc6 30. Na8 Rc8 31. Nb6 Rc6 32. Na8 Rc8 33. Nb6 Rb8 34. Kf3 Rxb6 35. Ke4 Rc6 36. Kd4 Rc4+ 37. Kd3 Ra4 38. Nc3 Ra3 39. Kc2 b4 40.
Ne4 f6 41. f4 Ra2+ 42. Kb3 Re2 43. exf6+ gxf6 44. Nc5 Rxh2 45. Kxb4 Rg2 46. Ne4 Re2 47. Nc3 Re3 48. g4 Rg3 49. g5 fxg5 50. fxg5 Rxg5 51. Kc4 Rg3 52. Ne2 Rf3 53. Kd4 Rf2 54. Nc3 h5 55. Ke3 Rf5 56. Ke4 Kf6 57. Ne2 Re5+ 58. Kf3 Rxe2 0-1